 Dungeon Crawl Stone Soup version 0.26-a0-154-g3d63440f56 (webtiles) character file.

Game seed: 12456753009371562255

865 Flugslaktarn the Firebug (level 8, -2/57 HPs)
             Began as a Gnoll Fire Elementalist on July 1, 2020.
             Was a Follower of Uskayaw.
             Slain by a steam dragon (4 damage)
             ... on level 6 of the Dungeon.
             The game lasted 00:07:21 (1597 turns).

Flugslaktarn the Firebug (Gnoll Fire Elementalist)  Turns: 1597, Time: 00:07:22

Health: -2/57      AC:  3    Str: 10    XL:     8   Next: 3%
Magic:  2/16       EV: 17    Int: 19    God:    Uskayaw [*.....]
Gold:   210        SH:  0    Dex: 23    Spells: 5/18 levels left

rFire    . . .     SeeInvis .   n - +6 club
rCold    . . .     Faith    .   (no shield)
rNeg     . . .     Spirit   .   a - +0 robe
rPois    .         Reflect  .   (no helmet)
rElec    .         Harm     .   (no cloak)
rCorr    .                      o - +0 pair of gloves
MR       .....                  (no boots)
Stlth    +++.......             (no amulet)
HPRegen  0.19/turn              e - +6 ring of dexterity
MPRegen  0.15/turn              (no ring)

@: no status effects
A: distributed training, fangs 1, strong nose
a: Stomp, Renounce Religion


You were on level 6 of the Dungeon.
You worshipped Uskayaw.
Uskayaw was noncommittal.
You were not hungry.

You visited 2 branches of the dungeon, and saw 7 of its levels.

You collected 210 gold pieces.

Inventory:

Hand Weapons
 g - a +0 falchion
   (You found it on level 2 of the Dungeon)
 n - a +6 club (weapon)
   (You took it off Jessica on level 3 of the Dungeon)
 p - a +0 rapier
   (You took it off Eustachio on level 4 of the Dungeon)
Missiles
 k - 95 arrows
Armour
 a - a +0 robe (worn)
 i - a +0 ring mail
   (You found it on level 1 of the Dungeon)
 o - a +0 pair of gloves (worn)
   (You found it on level 3 of the Dungeon)
Jewellery
 e - a +6 ring of dexterity (left hand)
   (You found it on level 2 of the Dungeon)
Scrolls
 f - 3 scrolls of remove curse {unknown}
 j - 3 scrolls of teleportation {unknown}
 l - 5 scrolls of identify {unknown}
 r - a scroll of magic mapping {unknown}
 t - a scroll of blinking {unknown}
Potions
 b - a potion of lignification {unknown}
 d - 3 potions of might {unknown}
 h - 2 potions of stabbing {unknown}
 m - 3 potions of haste {unknown}
 q - a potion of flight {unknown}
 s - 2 potions of curing {unknown}
Comestibles
 c - 6 rations


   Skills:
 + Level 2.8 Fighting
 + Level 2.8 Short Blades
 + Level 2.8 Long Blades
 + Level 2.8 Axes
 + Level 2.8 Maces & Flails
 + Level 2.8 Polearms
 + Level 2.8 Staves
 + Level 2.8 Slings
 + Level 2.8 Bows
 + Level 2.8 Crossbows
 + Level 2.8 Throwing
 + Level 2.8 Armour
 + Level 5.4 Dodging
 + Level 5.1 Stealth
 + Level 2.8 Shields
 + Level 2.8 Unarmed Combat
 + Level 5.8 Spellcasting
 + Level 3.2 Conjurations
 + Level 2.3 Hexes
 + Level 2.3 Charms
 + Level 2.3 Summonings
 + Level 2.3 Necromancy
 + Level 2.3 Translocations
 + Level 2.3 Transmutations
 + Level 5.9 Fire Magic
 + Level 2.3 Ice Magic
 + Level 2.3 Air Magic
 + Level 2.3 Earth Magic
 + Level 2.3 Poison Magic
 + Level 3.1 Invocations
 + Level 2.8 Evocations


You had 5 spell levels left.
You knew the following spells:

 Your Spells              Type           Power        Failure   Level  Hunger
a - Foxfire               Conj/Fire      ###.         1%          1    None
b - Inner Flame           Hex/Fire       ###.....     6%          3    ##.....
d - Sticky Flame          Conj/Fire      ###.....     17%         4    ####...
e - Fireball              Conj/Fire      ###.......   43%         5    #####..

Your spell library contained the following spells:

 Spells                   Type           Power        Failure   Level  Hunger
 Conjure Flame            Conj/Fire      ###.....     5%          3    ##.....


Dungeon Overview and Level Annotations

Branches:
Dungeon (6/15)             Temple (1/1) D:4

Altars:
Dithmenos
Elyvilon
Fedhas
Gozag
Hepliaklqana
Kikubaaqudgha
Nemelex Xobeh
Qazlal
Ru
Trog
Uskayaw
Vehumet
Yredelemnul
The Shining One


Innate Abilities, Weirdness & Mutations

Your experience applies equally to all skills.
You have very sharp teeth.
Your uncanny sense of smell can sniff out nearby items.


Message History

The steam dragon hisses angrily.
The steam dragon breathes steam at you. The ball of steam misses you.
You hear an angry hiss.
You aren't carrying any items that you can evoke.
Casting: Foxfire (safe; 1% risk of failure)
Confirm with . or Enter, or press ? or * to list all spells.
You conjure some foxfire!
The steam dragon breathes steam at you. The ball of steam hits you!
* * * LOW HITPOINT WARNING * * *
You hear an angry hiss.
Casting: Foxfire (safe; 1% risk of failure)
Confirm with . or Enter, or press ? or * to list all spells.
You conjure some foxfire!
You are engulfed in a cloud of scalding steam.
* * * LOW HITPOINT WARNING * * *
The foxfire hits the steam dragon.
The steam dragon is lightly wounded.
The foxfire hits the steam dragon.
The steam dragon is moderately wounded.
The foxfire hits the steam dragon.
The steam dragon is heavily wounded.
The foxfire hits the steam dragon but does no damage.
The steam dragon is heavily wounded.
Unknown command.
Casting: Foxfire (safe; 1% risk of failure)
Confirm with . or Enter, or press ? or * to list all spells.
You conjure some foxfire!
You closely miss the steam dragon.
The steam dragon is heavily wounded.
The foxfire hits the steam dragon but does no damage.
The steam dragon is heavily wounded.
The foxfire hits the steam dragon but does no damage.
The steam dragon is heavily wounded.
The steam dragon barely misses you. The steam dragon misses you.
Unknown command.
Casting: Foxfire (safe; 1% risk of failure)
Confirm with . or Enter, or press ? or * to list all spells.
You conjure some foxfire!
The steam dragon barely misses you.
The steam dragon claws you but does no damage.
You hit the steam dragon.
You punch the steam dragon, but do no damage.
The steam dragon is severely wounded.
The foxfire hits the steam dragon.
The steam dragon is severely wounded.
The foxfire hits the steam dragon but does no damage.
The steam dragon is severely wounded.
The steam dragon misses you. The steam dragon claws you.
You die...

.# ##.# ###..# ∆
####....# ........#
..##....# #.##....#
#.##.@..## # ##.###D...#
≈#
##+######..###...####.≈#
#....<.....)....##....≈#
......##.>..#.##..#....≈#
###$# #.#.##.##...§.8.≈#
..∆ #.#....###.#.$D§§# #
#.####.# ####.≈≈## #.#
#.# ####


You could see a steam dragon.

Vanquished Creatures
  Eustachio (D:4)
  Menkaure (D:4)
  Edmund (D:5)
  A centaur (D:6)
  A howler monkey (D:4)
  2 hounds (D:4)
  An orc priest (D:5)
  3 orc wizards
  Jessica (D:3)
  3 gnolls (D:3)
  6 adders
  A shadow imp (D:6)
  An ooze (D:3)
  A worm (D:4)
  A dart slug (D:1)
  15 orcs
  5 bats (D:2)
  A giant cockroach (D:3)
  3 goblins
  A hobgoblin (D:2)
  4 jackals (D:2)
  3 kobolds
  5 quokkas
  3 frilled lizards
  12 rats
77 creatures vanquished.

Vanquished Creatures (others)
  222 foxfires
222 creatures vanquished.

Grand Total: 299 creatures vanquished

Notes
Turn   | Place    | Note
-------+----------+-------------------------------------------
     0 | D:1      | Flugslaktarn the Gnoll Fire Elementalist began the quest
                  | for the Orb.
     0 | D:1      | Reached XP level 1. HP: 13/13 MP: 6/6
    75 | D:2      | Reached XP level 2. HP: 16/20 MP: 2/7
    97 | D:2      | Reached XP level 3. HP: 22/25 MP: 1/9
   114 | D:2      | Reached skill level 5 in Spellcasting
   303 | D:2      | Reached skill level 1 in Invocations
   374 | D:2      | Reached skill level 1 in Fighting
   374 | D:2      | Reached skill level 1 in Short Blades
   374 | D:2      | Reached skill level 1 in Long Blades
   374 | D:2      | Reached skill level 1 in Axes
   374 | D:2      | Reached skill level 1 in Maces & Flails
   374 | D:2      | Reached skill level 1 in Polearms
   374 | D:2      | Reached skill level 1 in Staves
   374 | D:2      | Reached skill level 1 in Slings
   374 | D:2      | Reached skill level 1 in Bows
   374 | D:2      | Reached skill level 1 in Crossbows
   374 | D:2      | Reached skill level 1 in Throwing
   374 | D:2      | Reached skill level 1 in Armour
   374 | D:2      | Reached skill level 1 in Shields
   374 | D:2      | Reached skill level 1 in Unarmed Combat
   374 | D:2      | Reached skill level 1 in Evocations
   388 | D:3      | Reached XP level 4. HP: 32/32 MP: 3/11
   478 | D:3      | Reached skill level 1 in Hexes
   478 | D:3      | Reached skill level 1 in Charms
   478 | D:3      | Reached skill level 1 in Summonings
   478 | D:3      | Reached skill level 1 in Necromancy
   478 | D:3      | Reached skill level 1 in Translocations
   478 | D:3      | Reached skill level 1 in Transmutations
   478 | D:3      | Reached skill level 1 in Ice Magic
   478 | D:3      | Reached skill level 1 in Air Magic
   478 | D:3      | Reached skill level 1 in Earth Magic
   478 | D:3      | Reached skill level 1 in Poison Magic
   478 | D:3      | Reached XP level 5. HP: 15/37 MP: 3/12
   785 | D:3      | Noticed Jessica
   805 | D:3      | Killed Jessica
   922 | D:3      | Found a bloodstained altar of Trog.
  1009 | D:4      | Noticed Menkaure
  1013 | D:4      | Killed Menkaure
  1013 | D:4      | Reached skill level 5 in Dodging
  1013 | D:4      | Reached XP level 6. HP: 29/44 MP: 8/14
  1015 | D:4      | Found a staircase to the Ecumenical Temple.
  1034 | Temple   | Entered the Ecumenical Temple
  1133 | D:4      | Found a hide-covered altar of Uskayaw.
  1136 | D:4      | Became a worshipper of Uskayaw the Reveler
  1147 | D:4      | Found an opulent altar of Gozag.
  1189 | D:3      | Found an ancient bone altar of Kikubaaqudgha.
  1190 | D:3      | Found a shadowy altar of Dithmenos.
  1210 | D:4      | Reached * piety under Uskayaw
  1211 | D:4      | Reached ** piety under Uskayaw
  1261 | D:4      | Learned a level 3 spell: Inner Flame
  1266 | D:4      | Learned a level 4 spell: Sticky Flame
  1272 | D:4      | Learned a level 5 spell: Fireball
  1284 | D:4      | Reached XP level 7. HP: 47/50 MP: 11/15
  1286 | D:4      | Reached *** piety under Uskayaw
  1330 | D:4      | Noticed Eustachio
  1343 | D:4      | Killed Eustachio
  1407 | D:5      | Entered Level 5 of the Dungeon
  1433 | D:5      | Reached **** piety under Uskayaw
  1518 | D:5      | Noticed Edmund
  1532 | D:5      | Killed Edmund
  1532 | D:5      | Reached skill level 5 in Stealth
  1562 | D:6      | Reached XP level 8. HP: 38/57 MP: 4/16
  1591 | D:6      | HP: 1/57 [steam dragon] (6)]
  1597 | D:6      | Slain by a steam dragon

Illustrated notes

Levels and vault maps discovered:
D:1:      nzn_arrival_crosshair, layout_basic
D:2:      layout_basic, minmay_tetromino_o4, uniq_crazy_yiuf_cottage
D:3:      layout_basic, lemuel_crystal_altar, nicolae_overflow_hidden_temple,
          hangedman_decor_clover_reticule, supply_closet_lemuel, uniq_jessica,
          uniq_natasha
D:4:      layout_gridville, kennysheep_mini_moat, nicolae_gozag_seed_capital,
          minmay_temple_entry_glass, first_ration, lightli_minifort,
          uniq_eustachio, uniq_menkaure
D:5:      layout_loops_ring, chequers_temple_overflow_statue_of_worship,
          uniq_edmund, uniq_sigmund
D:6:      cheibrodos_steamvent, layout_loops_cross, serial_rivers,
          chequers_serial_rivers_micro_d, chequers_serial_rivers_large_a,
          chequers_serial_rivers_small_3, chequers_serial_rivers_small_b,
          chequers_serial_rivers_room_a, makhleb_blood_cavern_becter
Temple:   chequers_temple_sunken

Skill      XL: |  1  2  3  4  5  6  7 |
---------------+----------------------+-----
Conjurations   | 2 3 |  3.2
Spellcasting   | 5 |  5.8
Invocations    | 1 2 3 |  3.1
Fighting       | 1 2 |  2.8
Short Blades   | 1 2 |  2.8
Long Blades    | 1 2 |  2.8
Axes           | 1 2 |  2.8
Maces & Flails | 1 2 |  2.8
Polearms       | 1 2 |  2.8
Staves         | 1 2 |  2.8
Slings         | 1 2 |  2.8
Bows           | 1 2 |  2.8
Crossbows      | 1 2 |  2.8
Throwing       | 1 2 |  2.8
Armour         | 1 2 |  2.8
Shields        | 1 2 |  2.8
Unarmed Combat | 1 2 |  2.8
Evocations     | 1 2 |  2.8
Hexes          | 1 2 |  2.3
Charms         | 1 2 |  2.3
Summonings     | 1 2 |  2.3
Necromancy     | 1 2 |  2.3
Translocations | 1 2 |  2.3
Transmutations | 1 2 |  2.3
Ice Magic      | 1 2 |  2.3
Air Magic      | 1 2 |  2.3
Earth Magic    | 1 2 |  2.3
Poison Magic   | 1 2 |  2.3
Dodging        | 5 |  5.4
Stealth        | 5 |  5.1
Fire Magic     | |  5.9

Action                   |  1- 3 |  4- 6 |  7- 9 || total
-------------------------+-------+-------+-------++-------
Melee: Falchion          |     2 |     4 |       ||     6
       Unarmed           |     2 |       |       ||     2
       Bite              |     1 |     4 |     6 ||    11
       Club              |       |    18 |    19 ||    37
       Punch             |       |       |     2 ||     2
 Cast: Foxfire           |    35 |    69 |    36 ||   140
       Sticky Flame      |       |       |     2 ||     2
 Stab: Paralysed         |       |       |     1 ||     1
       Sleeping          |       |       |     1 ||     1
  Eat: Ration            |       |       |     1 ||     1
Armor: Robe              |     2 |     9 |     5 ||    16
Dodge: Dodged            |    14 |    39 |    25 ||    78
       Rpst.: Falchion   |     2 |     2 |       ||     4

Table legend:
 A = Non-vault XP
 B = Vault XP
 C = Vault XP percentage of total XP
 D = Non-vault monster count
 E = Vault monster count
 F = Vault count percentage of total count
                 A         B        C        D         E       F
            +---------+---------+-------+---------+---------+-------
      Total |     649 |     588 |  47.5 |      69 |       8 |  10.4
            +---------+---------+-------+---------+---------+-------
        D:1 |      12 |       0 |   0.0 |       7 |       0 |   0.0
        D:2 |      82 |       6 |   6.8 |      23 |       4 |  14.8
        D:3 |     154 |      37 |  19.4 |      17 |       1 |   5.6
        D:4 |     175 |     379 |  68.4 |      11 |       2 |  15.4
        D:5 |     104 |     166 |  61.5 |       8 |       1 |  11.1
        D:6 |     122 |       0 |   0.0 |       3 |       0 |   0.0
            +---------+---------+-------+---------+---------+-------
